 Dungeon Crawl Stone Soup version 0.31-a0-236-g9a0961fb85 (webtiles) character file.

Game seed: 2534168976652493697

28 Demosthentine the Ducker (level 3, 28/28 HPs)
             Began as a Demonspawn Gladiator on July 11, 2023.
             Got out of the dungeon alive.
             The game lasted 00:00:45 (432 turns).

Demosthentine the Ducker (Demonspawn Gladiator)      Turns: 432, Time: 00:00:45

Health: 28/28      AC:  5    Str: 16    XL:     3   Next: 0%
Magic:  3/3        EV: 12    Int:  9    God:
Gold:   15         SH:  0    Dex: 14    Spells: 2/2 levels left

rFire   . . .        a - +0 trident
rCold   . . .        (no shield)
rNeg    . . .        b - +0 leather armour
rPois   .            c - +0 helmet
rElec   .            h - +0 cloak
rCorr   .            (no gloves)
SInv    .            (no boots)
Will    .....        (no amulet)
Stlth   +            (no ring)
HPRegen 0.24/turn    (no ring)
MPRegen 0.08/turn

%: no passive effects
@: no status effects
A: claws 1, demonic magic 1
a: no special abilities


You escaped.
You visited 1 branch of the dungeon, and saw 1 of its levels.

You collected 15 gold pieces.

Inventory:

Hand Weapons
 a - a +0 trident (weapon)
Missiles
 d - 3 throwing nets (quivered)
 e - a javelin
Armour
 b - a +0 leather armour (worn)
 c - a +0 helmet (worn)
 h - a +0 cloak (worn)
Jewellery
 f - an amulet of the acrobat
Scrolls
 g - a scroll of immolation {unknown}
 i - a scroll of identify {unknown}
Potions
 j - a potion of heal wounds {unknown}


   Skills:
 + Level 2.4 Fighting
 + Level 3.0 Polearms
 - Level 1.7 Throwing
 + Level 1.0 Armour
 + Level 3.0 Dodging


You had 2 spell levels left.
You didn't know any spells.
Your spell library was empty.

Dungeon Overview and Level Annotations

Branches:
Dungeon (1/15)

Altars:

Shops:
D:1 :


Innate Abilities, Weirdness & Mutations

You have sharp fingernails.
Spells you cast may paralyse adjacent enemies.


Message History

No target in view!
No target in view!
You open the door.
A ball python comes into view.
There is an open door here.
A ball python is nearby!
Found Ocluowou's Book Boutique.
The ball python hisses angrily.
A ball python is nearby!
You hit the ball python.
You kill the ball python!
A kobold comes into view. It is wielding a +0 dagger.
Found 4 stones.
A kobold is nearby!
Found a short sword.
There is an entrance to Ocluowou's Book Boutique here.
A kobold is nearby!
You hit the kobold.
The kobold is severely wounded.
The kobold hits you with a +0 dagger.
You hit the kobold.
You kill the kobold!
You have reached level 3!
Your experience leads to an increase in your attributes!
Increase (S)trength, (I)ntelligence, or (D)exterity?
You feel stronger. x2; Your demonic ancestry asserts itself...
Your fingernails lengthen.
Things that are here:
a +0 dagger; a goblin corpse You hit the bush.
The bush is lightly damaged.
Press: ? - help, . - travel You can't see that place. [a staircase leading out of the dungeon.]
You see here a +0 robe.
There is an open door here.
Items here: ÷÷÷÷.
There is a staircase leading out of the dungeon here.
Are you sure you want to leave the Dungeon?
This will make you lose the game!
You have escaped!

...P♣♣.P.# .# # ....♣.P..# .#.# .
###.PP..## .#.#.. #####
.......####.... ###...###
.......###....##### ##.......#
....[.......###...######.........
......####.##.......##......8....
...........#..........##.........
......###..#....@....####.......#
......# #..#.........# ###...###
.########..##.......## ###.####
÷#.........####...######...###
.#.........# #########.......##
.#........[###................#
.#.........#..##...##....8....#
..#######..##.###.###.........#
.....####..#(..#....##.......##


There were no monsters in sight!

Vanquished Creatures
  A gnoll (D:1)
  A ball python (D:1)
  A giant cockroach (D:1)
  A goblin (D:1)
  2 hobgoblins (D:1)
  4 jackals (D:1)
  A quokka (D:1)
  3 bats (D:1)
  A frilled lizard (D:1)
  A kobold (D:1)
  A rat (D:1)
17 creatures vanquished.

Notes
Turn   | Place    | Note
-------+----------+-------------------------------------------
     0 | D:1      | Demosthentine the Demonspawn Gladiator began the quest for
                  | the Orb.
     0 | D:1      | Reached XP level 1. HP: 16/16 MP: 1/1
   167 | D:1      | Gained mutation: Spells you cast may paralyse adjacent
                  | enemies. [demonic ancestry]
   167 | D:1      | Reached XP level 2. HP: 22/22 MP: 2/2
   320 | D:1      | Reached skill level 1 in Armour
   331 | D:1      | Found Ocluowou's Book Boutique.
   342 | D:1      | Gained mutation: You have sharp fingernails. [demonic
                  | ancestry]
   342 | D:1      | Reached XP level 3. HP: 26/28 MP: 3/3
   432 | D:$      | Got out of the dungeon alive.

Illustrated notes

Levels and vault maps discovered:
D:1:      dpeg_arrival_three_same_balls, layout_basic, serial_forest,
          infiniplex_forest_lined_corner, infiniplex_forest_end_3,
          infiniplex_forest_clump_double, infiniplex_forest_straight_4,
          infiniplex_forest_clump_double, infiniplex_forest_clump_double,
          infiniplex_forest_pool, infiniplex_forest_clump_medium, serial_shops,
          shop, minmay_misc_feat_diagonals

Skill      XL: |  1  2 |
---------------+-------+-----
Polearms       | 3 |  3.0
Dodging        | 3 |  3.0
Armour         | 1 |  1.0
Fighting       | |  2.4
Throwing       | |  1.7

Action                     || total
---------------------------++-------
  Melee: Trident           ||    67
 Armour: Leather armour    ||    17
  Dodge: Dodged            ||    33

Table legend: (Time is in decaauts)
 A = Elapsed time spent in this place.
 B = Non-inter-level travel time spent in this place.
 C = Inter-level travel time spent in this place.
 D = Time resting spent in this place.
 E = Time spent auto-exploring this place.
 F = Levels seen in this place.
 G = Mean time per level.
                   A        B        C        D        E       F      G
               +--------+--------+--------+--------+--------+-----+--------+
         Total |    442 |    397 |     45 |      0 |    215 |   1 |  442.0 |
       Dungeon |    442 |    397 |     45 |      0 |    215 |   1 |  442.0 |
               +--------+--------+--------+--------+--------+-----+--------+

Top non-repeatable levels by time:
     D:1: 442 daAuts
